 Dungeon Crawl Stone Soup version 0.27.1-34-g3ba077fa99 (webtiles) character file.

Game seed: 14573244435830456145

2220 vivovinco the Conjurer (level 8, -6/57 HPs)
             Began as a Demigod Conjurer on Jan 10, 2022.
             Shot with a sling bullet by Joseph (16 damage)
             ... on level 7 of the Dungeon.
             The game lasted 00:54:49 (8276 turns).

vivovinco the Conjurer (Demigod Conjurer)           Turns: 8276, Time: 00:54:50

Health: -6/57      AC:  5    Str:  8    XL:     8   Next: 90%
Magic:  5/19       EV: 13    Int: 28    God:
Gold:   174        SH:  0    Dex: 18    Spells: 8/18 levels left

rFire    + . .     SeeInvis .   a - +6 mace "Zaarr" {freeze, rElec}
rCold    x . .     Faith    .   (no shield)
rNeg     . . .     Spirit   .   g - +1 robe {Will+}
rPois    .         Reflect  .   (no helmet)
rElec    +         Harm     .   x - +1 cloak
rCorr    .         Rampage  .   (no gloves)
Will     +....                  (no boots)
Stlth    +++.......             (no amulet)
HPRegen  0.19/turn              e - +6 ring of dexterity
MPRegen  0.16/turn              s - ring of fire

@: no status effects
A: high mp 1, forlorn
a: no special abilities


You were on level 7 of the Dungeon.
You visited 2 branches of the dungeon, and saw 9 of its levels.

You collected 262 gold pieces.
You spent 88 gold pieces at shops.

Inventory:

Hand Weapons
 a - the +6 mace "Zaarr" (weapon) {freeze, rElec}
   (You found it on level 7 of the Dungeon)

   It freezes those it strikes, dealing additional cold damage.
   It can also slow down cold-blooded creatures.
   rElec:     It insulates you from electricity.
 b - a +1 dagger
 i - a +1 antimagic dagger
Missiles
 d - 298 stones
 v - 17 poisoned darts
 w - 6 atropa-tipped darts
Armour
 g - a +1 robe of willpower (worn)
 x - a +1 cloak (worn)
 y - a +0 robe
Magical Staves
 j - a staff of fire
Jewellery
 c - a +4 ring of slaying
 e - a +6 ring of dexterity (left hand)
 p - a ring of protection from cold
 s - a ring of fire (right hand)
Wands
 f - a wand of polymorph (5)
 q - a wand of charming (9)
 A - a wand of iceblast (8)
Scrolls
 h - 3 scrolls of teleportation
 l - a scroll of enchant weapon
Potions
 k - a potion of cancellation
 m - 3 potions of curing
 o - a potion of haste
 r - a potion of resistance
 t - 2 potions of might
 u - a potion of lignification {unknown}
 z - a potion of flight {unknown}


   Skills:
 + Level 3.4 Short Blades
 + Level 3.2 Dodging
 + Level 4.8 Stealth
 - Level 0.1 Unarmed Combat
 + Level 5.5 Spellcasting
 + Level 6.5 Conjurations
 * Level 0.8 Hexes
 + Level 3.9 Translocations
 + Level 1.0 Evocations


You had 8 spell levels left.
You knew the following spells:

 Your Spells              Type           Power      Damage    Failure   Level
a - Magic Dart            Conj           100%       1d8       1%          1
b - Searing Ray           Conj           88%        3d6       1%          2
c - Iskenderun's Mystic   Conj/Tloc      37%        2d9       8%          4
d - Dazzling Flash        Conj/Hex       56%        N/A       4%          3

Your spell library contained the following spells:

 Spells                   Type           Power      Damage    Failure   Level
 Summon Small Mammal      Summ           28%        N/A       6%          1
 Fulminant Prism          Conj/Hex       14%        3d9       14%         4
 Summon Guardian Golem    Hex/Summ       10%        N/A       16%         3
 Call Canine Familiar     Summ           7%         N/A       19%         3
 Frozen Ramparts          Ice            14%        1d3       19%         3
 Ice Form                 Ice/Tmut       7%         N/A       54%         4
 Summon Ice Beast         Ice/Summ       7%         N/A       54%         4


Dungeon Overview and Level Annotations

Branches:
Dungeon (8/15)             Temple (1/1) D:5
   Lair: D:8-11

Shops:
D:1 (   D:3 ?   D:5 *

Annotations:
D:4 1 runed translucent door, Crazy Yiuf
D:7 Joseph
D:8 2 transporters, Selrock's ghost, novice DsBe


Innate Abilities, Weirdness & Mutations

Your attributes grow dramatically as you level up.
You have an increased reservoir of magic. (+10% MP)
You shall have no god before yourself.


Message History

It stops flaming.
Joseph wields a +0 quarterstaff.
Joseph hits you with a +0 quarterstaff!
Okay, then.
Okay, then.
Casting: Dazzling Flash (dangerous; 4% risk of failure)
Confirm with . or Enter, or press ? or * to list all spells.
Aiming: Searing Ray (safe; 1% risk of failure)
Press: ? - help, Shift-Dir - straight line, f - Joseph
Aim: Joseph, wielding a +0 quarterstaff, wearing a +0 leather armour and quivering sling bullets (lightly wounded, blind, 82% to hit)
The searing ray hits Joseph!
Joseph is moderately wounded. (Press . to maintain the ray.) Joseph is no longer blind.
Joseph misses you.
The searing ray misses Joseph.
Joseph hits you but does no damage.
The searing ray hits Joseph!
Joseph is moderately wounded.
Joseph hits you with a +0 quarterstaff.
The searing ray hits Joseph!
Joseph is heavily wounded.
You finish channeling your searing ray.
Joseph hits you with a +0 quarterstaff!
* * * LOW HITPOINT WARNING * * *
Unknown command.
Okay, then.
Okay, then.
Casting: Searing Ray (safe; 1% risk of failure)
Confirm with . or Enter, or press ? or * to list all spells.
You erupt in a blast of force!
The mystic blast hits Joseph!
Joseph is severely wounded.
Joseph is knocked back by the mystic blast.
As you read the scroll of summoning, it crumbles to dust.
Wisps of shadow whirl around you...
Your orc wizard mumbles some strange words.
Your orc wizard flickers and vanishes for a moment.
Your orc wizard hits Joseph but does no damage.
Joseph unwields a +0 quarterstaff.
Joseph wields a +5 hunting sling of flaming.
It bursts into flame!
Joseph shoots a sling bullet.
The sling bullet closely misses your kobold.
The sling bullet hits you!
You die...

..#..../### ...........#
............# .........oo..#
..........o..#
..........o@.##############
...........K...............
.........<..#........###
)........@K.#........#
...#.....K.#........#
###..K...#........#
###########.................#
#...>.......#.#.####).......#
#..........##.#....))########
#..........##.#.######
#................###
#############...(..#


You could see Joseph (ally target), a friendly kobold brigand (summoned), 4
friendly orc wizards and 3 friendly kobolds.

Vanquished Creatures
  A two-headed ogre (D:6)
  A fire bat (D:6)
  A water moccasin (D:8)
  An orc warrior (D:7)
  A black bear (D:6)
  3 ogres
  A centaur (D:6)
  2 phantoms
  A kobold brigand (D:6)
  A bullfrog (D:7)
  A centaur zombie (D:6)
  A hound (D:6)
  A bullfrog skeleton (D:5)
  A centaur skeleton (D:6)
  Jessica (D:2)
  3 iguanas
  Natasha (thrice) (D:2)
  2 orc wizards
  A hound zombie (D:5)
  2 howler monkey zombies
  2 howler monkey skeletons (D:5)
  8 adders
  An ufetubus (D:6)
  An adder skeleton (D:4)
  3 worms (D:2)
  A dart slug (D:4)
  7 orcs
  3 ball pythons (D:1)
  4 bats
  6 endoplasms
  3 giant cockroaches
  6 goblins
  10 hobgoblins
  9 jackals
  11 kobolds
  8 quokkas
  2 frilled lizards (D:2)
  3 rats
117 creatures vanquished.

Vanquished Creatures (collateral kills)
  2 kobolds (D:6)
2 creatures vanquished.

Grand Total: 119 creatures vanquished

Notes
Turn   | Place    | Note
-------+----------+-------------------------------------------
     0 | D:1      | vivovinco the Demigod Conjurer began the quest for the Orb.
     0 | D:1      | Reached XP level 1. HP: 14/14 MP: 5/5
   351 | D:1      | Found Hatafiuh's Weapon Shoppe.
   416 | D:1      | Reached XP level 2. HP: 20/20 MP: 1/7
   528 | D:1      | Reached skill level 4 in Conjurations
   719 | D:1      | Learned a level 2 spell: Searing Ray
   742 | D:2      | Noticed Jessica
  1591 | D:2      | Reached XP level 3. HP: 17/26 MP: 6/9
  1727 | D:2      | Killed Jessica
  2176 | D:2      | Reached XP level 4. HP: 33/33 MP: 7/10
  2495 | D:2      | Noticed Natasha
  2500 | D:2      | Killed Natasha
  2697 | D:2      | Noticed Natasha
  2698 | D:2      | Killed Natasha
  2699 | D:2      | Reached XP level 5. HP: 38/38 MP: 9/12
  2797 | D:2      | Noticed Natasha
  2799 | D:2      | Killed Natasha
  3045 | D:3      | Reached skill level 1 in Short Blades
  3072 | D:3      | Found Siot's Magic Scroll Shoppe.
  3139 | D:3      | Bought a scroll of teleportation for 42 gold pieces
  3149 | D:3      | Learned a level 4 spell: Iskenderun's Mystic Blast
  3510 | D:5      | Entered Level 5 of the Dungeon
  3569 | D:4      | Noticed an ogre
  3576 | D:4      | Killed an ogre
  3577 | D:4      | Reached XP level 6. HP: 45/45 MP: 8/13
  3665 | D:4      | Reached skill level 1 in Translocations
  4240 | D:4      | Found a runed translucent door.
  4241 | D:4      | Noticed Crazy Yiuf
  4464 | D:5      | Found a staircase to the Ecumenical Temple.
  4501 | D:5      | Reached skill level 5 in Conjurations
  4514 | Temple   | Entered the Ecumenical Temple
  4985 | D:5      | Found Utohaick's Assorted Antiques.
  5026 | D:5      | Reached XP level 7. HP: 50/50 MP: 9/15
  5194 | D:5      | Bought a scroll of identify for 46 gold pieces
  5916 | D:6      | You fall into a shaft and drop 2 floors!
  5984 | D:8      | Found a transporter.
  5988 | D:8      | Noticed a cyclops
  5994 | D:8      | Noticed Selrock's ghost (novice DsBe)
  6012 | D:8      | Found a transporter.
  6159 | D:6      | Noticed a steam dragon
  6169 | D:6      | HP: 2/50 [centaur/arrow (6)]
  6545 | D:6      | Noticed a fire bat
  6545 | D:6      | a steam dragon changed into a fire bat
  6552 | D:6      | Killed a fire bat
  6553 | D:6      | Reached XP level 8. HP: 42/57 MP: 4/18
  6732 | D:6      | Noticed a two-headed ogre
  6764 | D:6      | Killed a two-headed ogre
  6765 | D:6      | Reached skill level 5 in Spellcasting
  6765 | D:6      | Reached skill level 6 in Conjurations
  7233 | D:7      | Learned a level 3 spell: Dazzling Flash
  7353 | D:7      | Noticed Joseph
  7995 | D:7      | Identified the +6 mace "Zaarr" {freeze, rElec}
  8019 | D:7      | Reached skill level 1 in Evocations
  8276 | D:7      | Shot with a sling bullet by Joseph

Illustrated notes

Levels and vault maps discovered:
D:1:      minmay_arrival_shattered_statue, layout_basic, serial_shops,
          nicolae_square_shop, hellmonk_ecumenical_altar_run_dry,
          minmay_misc_feat_five, chequers_serial_rivers_marsh
D:2:      layout_loops_ring, uniq_jessica, uniq_natasha
D:3:      layout_basic, serial_shops, nicolae_shop_statue_plus
D:4:      layout_basic, chequers_temple_overflow_minitemple,
          hangedman_abyss_or_decor_lesser_grid, uniq_crazy_yiuf_cottage
D:5:      layout_cave_pools, temple_green, serial_shops,
          nicolae_inconvenience_store
D:6:      layout_basic, minmay_misc_feat_x
D:7:      layout_rooms, minivault_27, uniq_joseph
D:8:      due_megacathedral, layout_basic, nzn_hepliaklqana_mist_gate,
          erik_lair_dragon, gammafunk_ghost_arena
Temple:   nicolae_temple_elliptical

Skill      XL: |  1  2  3  4  5  6  7  8 |
---------------+-------------------------+-----
Spellcasting   | 2 3 4 5 |  5.5
Conjurations   | 4 5 6 |  6.5
Stealth        | 2 3 4 |  4.8
Dodging        | 2 3 |  3.2
Short Blades   | 1 2 3 |  3.4
Translocations | 1 3 |  3.9
Evocations     | 1 |  1.0
Unarmed Combat | |  0.1
Hexes          | |  0.8

Action                   |  1- 3 |  4- 6 |  7- 9 || total
-------------------------+-------+-------+-------++-------
Melee: Unarmed           |     5 |       |       ||     5
       Dagger            |    30 |    47 |    13 ||    90
       Mace              |       |       |     1 ||     1
       Punch             |       |       |     1 ||     1
 Cast: Magic Dart        |    53 |    47 |    45 ||   145
       Searing Ray       |     9 |    18 |    21 ||    48
       Iskenderun's Myst |       |       |     9 ||     9
       Dazzling Flash    |       |       |     5 ||     5
Evoke: Wand              |       |       |     5 ||     5
  Use: Scroll            |       |     8 |     7 ||    15
       Potion            |       |       |     1 ||     1
 Stab: Sleeping          |     3 |     9 |       ||    12
       Distracted        |     1 |       |       ||     1
Armor: Robe              |     9 |    10 |     9 ||    28
Dodge: Dodged            |    32 |    28 |    31 ||    91
